 Dungeon Crawl Stone Soup version 0.27-a0-1139-g28e009f8a6 (webtiles) character file.

Game seed: 13978823777706398476

100 freelancePsychic the Distorting Palentonga (level 4, 0/37 HPs)
             Began as a Palentonga Abyssal Knight on May 7, 2021.
             Was a Believer of Lugonu.
             Succumbed to an orc wizard's poison
             ... on level 3 of the Dungeon.
             The game lasted 00:04:02 (3253 turns).

freelancePsychic the Distorting Palentonga (PaAK)   Turns: 3253, Time: 00:04:03

Health: 0/37       AC:  8    Str: 16    XL:     4   Next: 46%
Magic:  6/6        EV:  7    Int: 13    God:    Lugonu [**....]
Gold:   112        SH:  0    Dex:  9    Spells: 3/3 levels left

rFire    . . .     SeeInvis +   a - +1 mace
rCold    . . .     Faith    .   (no shield)
rNeg     . . .     Spirit   .   h - +0 scale mail
rPois    .         Reflect  .   n - +0 helmet
rElec    .         Harm     .   (no cloak)
rCorr    .         Rampage  .   j - +0 pair of gloves
Will     .....                  (no barding)
Stlth    ..........             (no amulet)
HPRegen  0.12/turn              (no ring)
MPRegen  0.10/turn              (no ring)

@: lethally poisoned (0 -> -10)
A: large, rugged brown scales 3, see invisible, deformed body, roll 1, armoured
tail
a: Rolling Charge, Renounce Religion, Depart the Abyss, Bend Space


You were on level 3 of the Dungeon.
You worshipped Lugonu.
Lugonu was pleased with you.
You visited 1 branch of the dungeon, and saw 3 of its levels.
You visited the Abyss 1 time.

You collected 112 gold pieces.

Inventory:

Hand Weapons
 a - a +1 mace (weapon)
Missiles
 m - 2 curare-tipped darts
Armour
 b - a +0 leather armour
 f - a +0 ring mail
 h - a +0 scale mail (worn)
 j - a +0 pair of gloves (worn)
 n - a +0 helmet (worn)
Scrolls
 e - 2 scrolls of identify {@r1}
Potions
 c - a potion of heal wounds {@q2}
 d - 2 potions of brilliance
 g - a potion of cancellation {unknown}
 i - 3 potions of flight {unknown}
 k - 3 potions of curing {unknown}
 l - a potion of lignification {unknown}


   Skills:
 - Level 3.0 Fighting
 + Level 3.6 Maces & Flails
 - Level 1.5 Armour
 - Level 0.7 Dodging
 + Level 3.8 Invocations


You had 3 spell levels left.
You didn't know any spells.
Your spell library was empty.

Dungeon Overview and Level Annotations

Branches:
Dungeon (3/15)

Altars:
Cheibriados
Hepliaklqana
Xom


Innate Abilities, Weirdness & Mutations

You are completely covered in rugged brown scales. (AC +3, +7% HP)
You have supernaturally acute eyesight. (SInv)
Armour fits poorly on your strangely shaped body.
You can roll at nearby foes to attack.
You have a long armoured tail.


Message History

You are too injured to fight recklessly!
You are too injured to fight recklessly!
You are too injured to fight recklessly!
You are too injured to fight recklessly!
You are too injured to fight recklessly!
You are too injured to fight recklessly!
You are too injured to fight recklessly!
You are too injured to fight recklessly!
You are too injured to fight recklessly!
You are too injured to fight recklessly!
You are too injured to fight recklessly!
You are too injured to fight recklessly!
You are too injured to fight recklessly!
You are too injured to fight recklessly!
You are too injured to fight recklessly!
You are too injured to fight recklessly!
You are too injured to fight recklessly!
You are too injured to fight recklessly!
You are too injured to fight recklessly!
You are too injured to fight recklessly!
You are too injured to fight recklessly!
You closely miss the orc wizard. The orc barely misses you.
The orc wizard hits you but does no damage.
The orc hits you with a +0 flail!
You thump the orc wizard!
The orc wizard is severely wounded.
The orc wizard casts a spell at itself.
The orc wizard flickers and vanishes for a moment.
The orc hits you with a +0 flail.
* * * LOW HITPOINT WARNING * * *
You hit the orc wizard.
The orc wizard is almost dead.
The orc wizard hits you with a +2 dagger of venom.
* * * LOW HITPOINT WARNING * * *
You are lethally poisoned!
The orc hits you with a +0 flail.
* * * LOW HITPOINT WARNING * * *
You closely miss the orc wizard.
The orc wizard is almost dead.
You die...

....####....#
## ...##
#.######.##
...#
#..'.##S#ยง##
...#
#..#.#####Z#
...#
####..._#J#
...# #...##
...# #_.)###
...# ###...#
...# ###@#
#oo# #.o.
#####


You could see an orc wizard (invisible) and 2 orcs.

Vanquished Creatures
  3 adders (D:2)
  4 dart slugs
  4 orcs
  8 ball pythons
  4 endoplasms
  2 giant cockroaches
  6 goblins
  2 hobgoblins
  2 jackals (D:1)
  3 quokkas
  4 bats
  9 frilled lizards (D:1)
  5 kobolds
  5 rats
61 creatures vanquished.

Vanquished Creatures (others)
  5 plants (D:1)
5 creatures vanquished.

Grand Total: 66 creatures vanquished

Notes
Turn   | Place    | Note
-------+----------+-------------------------------------------
     0 | Abyss:1  | freelancePsychic the Palentonga Abyssal Knight began the
                  | quest for the Orb.
     0 | Abyss:1  | Reached XP level 1. HP: 19/19 MP: 2/2
    44 | Abyss:1  | Noticed a small abomination
    51 | D:1      | Escaped the Abyss
   254 | D:1      | Reached * piety under Lugonu
   255 | D:1      | Reached XP level 2. HP: 15/25 MP: 3/3
   608 | D:1      | Found a faded altar of an unknown god.
   645 | D:1      | Found a faded altar of an unknown god.
  1254 | D:1      | Reached XP level 3. HP: 6/31 MP: 5/5
  1877 | D:2      | Reached XP level 4. HP: 6/37 MP: 6/6
  2544 | D:2      | Reached ** piety under Lugonu
  3089 | D:3      | Found a snail-covered altar of Cheibriados.
  3244 | D:3      | Found a hazy altar of Hepliaklqana.
  3245 | D:3      | Found a shimmering altar of Xom.
  3245 | D:3      | Noticed a spectral ugly thing
  3253 | D:3      | Succumbed to an orc wizard's poison

Illustrated notes

Levels and vault maps discovered:
D:1:      wander_arrival_peaceful_grave, layout_basic,
          hellmonk_ecumenical_altar_the_god_not_taken, hangedman_glass_teeth,
          minmay_lizard_king
D:2:      layout_rooms, st_stairs_14, minmay_misc_feat_more_columns,
          serial_park_tiny_pond, minmay_tetromino_i4
D:3:      layout_rooms, regret_index_temple_of_mockery, lemuel_tele_altar,
          tso_oasis_becter, grunt_decor_arrowhead, wad_floor_pattern_2

Skill      XL: |  1  2  3 |
---------------+----------+-----
Invocations    | 3 |  3.8
Maces & Flails | 3 |  3.6
Fighting       | |  3.0
Armour         | |  1.5
Dodging        | |  0.7

Action                   |  1- 3 |  4- 6 || total
-------------------------+-------+-------++-------
Melee: Mace              |   120 |    76 ||   196
       Tailslap          |    10 |     3 ||    13
Invok: Depart the Abyss  |     1 |       ||     1
 Abil: Rolling Charge    |     4 |     3 ||     7
  Use: Scroll            |     4 |       ||     4
Armor: Leather armour    |    37 |       ||    37
       Scale mail        |    21 |    42 ||    63
       Ring mail         |    12 |       ||    12
Dodge: Dodged            |    78 |    33 ||   111

Table legend: (Time is in decaauts)
 A = Elapsed time spent in this place.
 B = Non-inter-level travel time spent in this place.
 C = Inter-level travel time spent in this place.
 D = Time resting spent in this place.
 E = Time spent auto-exploring this place.
 F = Levels seen in this place.
 G = Mean time per level.
                   A        B        C        D        E       F      G
               +--------+--------+--------+--------+--------+-----+--------+
         Total |   3304 |   3270 |     34 |    996 |   1754 |   4 |  826.0 |
       Dungeon |   3253 |   3219 |     34 |    996 |   1710 |   3 | 1084.3 |
         Abyss |     51 |     51 |      0 |      0 |     44 |   1 |   51.0 |
               +--------+--------+--------+--------+--------+-----+--------+

Top non-repeatable levels by time:
     D:1: 1657 daAuts
     D:2: 1104 daAuts
     D:3: 491 daAuts
 Abyss:1: 51 daAuts
